[Event "Olympiad-39"]
[Site "Khanty-Mansiysk"]
[Date "2010.09.25"]
[Round "5.1"]
[White "Carlsen, Magnus"]
[Black "Vallejo Pons, Francisco"]
[Result "1-0"]
[ECO "B23"]
[WhiteElo "2826"]
[BlackElo "2697"]
[Annotator "ChessBase"]
[PlyCount "57"]
[EventDate "2010.09.21"]
[EventType "team-swiss"]
[EventRounds "11"]
[EventCountry "RUS"]
[SourceTitle "CBM 139"]
[Source "ChessBase"]
[SourceDate "2010.11.18"]
[SourceVersion "1"]
[SourceVersionDate "2010.11.18"]
[SourceQuality "1"]
[WhiteTeam "Norway"]
[BlackTeam "Spain"]
[WhiteTeamCountry "NOR"]
[BlackTeamCountry "ESP"]
[TimeControl "40/5400+30:1800+30"]

1. e4 c5 2. Nc3 a6 3. Nge2 d6 4. g3 Nc6 5. Bg2 g6 6. d3 Bg7 7. Be3 Nf6 8. h3 Bd7 ({RR} 8... O-O 9. O-O Rb8 10. Qd2 b5 11. f4 Nd7 12. g4 Nd4 13. Ng3 e6 14. Nd1 b4 15. c3 bxc3 16. bxc3 Nc6 17. Rc1 a5 18. Nf2 Ba6 19. g5 a4 20. Ng4 a3 21. Rc2 Rb2 22. Rfc1 Qb6 23. f5 {Grischuk,A (2779)-Le,Q (2712) Khanty-Mansiysk 2013 0-1 (46)}) 9. Qd2 b5 $146 ({RR} 9... O-O 10. Bh6 Bxh6 11. Qxh6 Nd4 12. Qd2 Rc8 13. Nxd4 cxd4 14. Ne2 Qb6 15. c3 dxc3 16. Nxc3 Bc6 17. O-O Rfd8 18. Rae1 Nd7 19. Kh2 Qd4 20. f4 Nc5 21. Re3 Na4 22. Nd1 Bb5 23. f5 Rc5 24. Rf4 {Dgebuadze,A (2499)-Bekker,S (2313) Belgium 2017 1-0 (44)}) 10. Bh6 Bxh6 11. Qxh6 Nd4 12. Nxd4 cxd4 13. Ne2 e5 14. O-O Ng8 15. Qd2 {#It is hard to understand black's plan here. In terms of development he is now behind two tempi (white's queen is developed and he has castled already), and though one might argue the bad bishop has been exchanged off, the bishop also helps keep the king safe around the dark squares.} Ne7 16. f4 O-O 17. g4 f6 18. Rf2 Nc6 19. Raf1 Qa5 20. c3 Qxa2 21. g5 fxg5 22. f5 Qf7 23. cxd4 {#} Rae8 $6 ({Not} 23... exd4 {because of} 24. Qxg5 Qf6 25. Qg3 g5 ({Or} 25... Qe5 26. Nf4 Rf7 27. Qh4) 26. h4 g4 27. Qxg4+ Kh8 28. Qg5 Qxg5 29. hxg5 Rg8 30. e5 $1 dxe5 31. g6 $1 hxg6 32. f6 Ra7 33. Bd5 {Threatening Rh2.}) ({Instead} 23... Qf6 {was better.} 24. dxe5 dxe5 25. Nc3 Ne7 26. d4 exd4 27. fxg6 (27. e5 Qxe5 28. Bxa8 Bxf5 29. Re1 dxc3 30. Rxe5 cxd2 31. Rxd2 Rxa8 32. Rxe7) 27... Qxg6 28. Qxd4 Bc6 {with a balanced position.}) 24. d5 Nd4 25. Nxd4 exd4 26. f6 g4 27. hxg4 Bxg4 28. Qf4 h5 29. Qxd6 1-0

[Event "Nanjing Pearl Spring 3rd"]
[Site "Nanjing"]
[Date "2010.10.20"]
[Round "1"]
[White "Carlsen, Magnus"]
[Black "Bacrot, Etienne"]
[Result "1-0"]
[ECO "C45"]
[WhiteElo "2826"]
[BlackElo "2716"]
[Annotator "Edouard,Romain"]
[PlyCount "75"]
[EventDate "2010.10.20"]
[EventType "tourn"]
[EventRounds "10"]
[EventCountry "CHN"]
[EventCategory "21"]
[SourceTitle "CBM 139"]
[Source "ChessBase"]
[SourceDate "2010.11.18"]
[SourceVersion "1"]
[SourceVersionDate "2010.11.18"]
[SourceQuality "1"]
[TimeControl "40/7200:20/3600:900+30"]

1. e4 e5 2. Nf3 Nc6 3. d4 exd4 4. Nxd4 Bc5 5. Nb3 Bb6 6. Nc3 Nf6 7. Qe2 O-O {A rare move, but once played by Anand! To be honest, I just don't like this line for Black.} (7... d6 {is more common.}) 8. Bg5 h6 9. Bh4 $1 $146 (9. h4 d6 10. f3 hxg5 11. hxg5 Ng4 12. fxg4 Qxg5 13. Qf3 Bxg4 14. Qg3 Ne5 15. Be2 f5 16. exf5 Qxf5 17. O-O-O Bxe2 18. Nxe2 Qf2 19. Qh2 Qxe2 20. Qh8+ Kf7 21. Rdf1+ Bf2 22. Qh7 Ke6 23. Kb1 Qg4 {0-1 Rublevsky,S (2649)-Anand,V (2781)/Bastia 2004}) 9... a5 10. a4 Nd4 {Not forced, but attractive. But I am not sure that other continuations are easier to play.} ({I checked the following line briefly:} 10... Re8 11. O-O-O d6 12. f3 $5 Be6 13. g4 Bxb3 (13... Ne5 14. Nd4 $16) 14. cxb3 Nd4 15. Qg2 $5 Nxb3+ 16. Kb1 Nd4 17. Bc4 c6 18. g5 hxg5 19. Bxg5 {nad and Black will face a decisive attack.}) 11. Qd3 Nxb3 12. cxb3 Re8 ({RR} 12... c6 13. O-O-O d5 14. exd5 cxd5 15. Nxd5 g5 16. Bg3 Be6 17. Nxb6 Qxb6 18. Qb5 Rac8+ 19. Kb1 Qxb5 20. Bxb5 Bxb3 21. Rd6 Ne4 22. Rxh6 Rc2 23. Bd3 Nxg3 24. hxg3 Rd2 25. R6h5 Kg7 26. Rxg5+ Kf6 27. Rf5+ {Wang,H (2698)-Malakhov,V (2722) Danzhou 2017 ½-½}) 13. O-O-O {From there Etienne started to spend a lot of time for each move. But here I already prefer White even if Black's position shouldn't be a desaster at all.} d6 ({RR} 13... c6 14. f4 d6 15. Qc2 Be6 16. Kb1 g5 17. fxg5 Nh7 18. e5 hxg5 19. Rxd6 Qe7 20. Bd3 Nf8 21. Bg3 Bc7 22. Ne4 {1-0 (22) Turzo,A (2254)-Osinovsky,S (2240) chess.com INT 2025}) 14. Qc2 $1 {White wants to go c4, and at the same time allow some combinations with e5.} Bd7 $146 {I guess the idea for this move is to wait for c4 and go ...e6, without playing ...c6, weaknessing the d6-pawn. That's why 15.b1!? could be clever. But it looks like 15.c4 is almost winning by force.} (14... c6 15. Bc4 Qe7 {ought to be a better defense. Somehow, I feel like White should be at least slightly better. But things are far from easy, for instance:} 16. Rhe1 Be6 17. Nd5 $5 (17. f3 Bxc4 18. bxc4 Qe6 {followed by ...d7, and Black should have no problem.}) 17... cxd5 18. exd5 g5 $1 19. Bg3 Nxd5 20. Rxd5 Bc5 21. Rxc5 dxc5 22. Rxe6 fxe6 23. Qg6+ Qg7 24. Bxe6+ Rxe6 25. Qxe6+ Kh7 $11) ({RR} 14... Be6 15. Bc4 Qd7 16. Bxf6 gxf6 17. Rhe1 Bxc4 18. bxc4 {1-0 (18) Gonzalez Hernandez,F (2049)-Panella Navarro,S (2122) Vila Seca 2012}) ({RR} 14... Be6 15. Bc4 Qe7 16. Kb1 g5 17. Bg3 Bxc4 18. bxc4 Nxe4 19. Nd5 Qe6 20. Rhe1 Qg6 21. f3 Nxg3 22. Qxg6+ fxg6 23. Nf6+ Kf7 24. Nxe8 Nf5 25. c5 Bxc5 26. Nxc7 Rc8 27. Nb5 Rd8 28. Rd3 b6 29. Red1 {Mirzoyan,S (1203)-Makshanov,M (1753) St Petersburg 2019 ½-½ (48)}) 15. Bc4 Be6 16. Rhe1 Qe7 17. e5 $1 dxe5 18. Rxe5 {White is threatening d5. From now Etienne play kind of all best defensive moves. But it is not enough to hold this tough position against Carlsen.} Qf8 $8 19. Bxf6 gxf6 20. Re2 $16 Qg7 21. Bxe6 $1 Rxe6 22. Rxe6 fxe6 23. Rd3 Kh8 24. Rg3 Qh7 25. Qd2 Bc5 $8 26. Ne4 Be7 27. Rh3 Kg7 (27... Rd8 28. Rxh6 Rxd2 29. Rxh7+ Kxh7 30. Kxd2 $18) 28. Qd7 $18 Kf7 29. Ng5+ $5 (29. Nxf6 $5 Kxf6 30. Rf3+ $18) 29... fxg5 30. Rf3+ Kg8 31. Qxe6+ Kh8 32. Rf7 Bd6 33. Rxh7+ Kxh7 34. Qf7+ Kh8 35. g3 Ra6 36. Kb1 Bb4 37. f4 gxf4 38. gxf4 1-0

[Event "Tata Steel-A 74th"]
[Site "Wijk aan Zee"]
[Date "2012.01.27"]
[Round "11"]
[White "Carlsen, Magnus"]
[Black "Topalov, Veselin"]
[Result "1-0"]
[ECO "B51"]
[WhiteElo "2835"]
[BlackElo "2770"]
[Annotator "Ramirez Alvarez,Alejandro"]
[PlyCount "111"]
[EventDate "2012.01.14"]
[EventType "tourn"]
[EventRounds "13"]
[EventCountry "NED"]
[EventCategory "21"]
[SourceTitle "CBM 147"]
[Source "ChessBase"]
[SourceDate "2012.03.16"]
[SourceVersion "1"]
[SourceVersionDate "2012.03.16"]
[SourceQuality "1"]
[TimeControl "6000+30"]

1. e4 c5 2. Nf3 d6 3. Bb5+ Nd7 4. c3 Ngf6 5. Qe2 a6 6. Ba4 Qc7 {Not the main move, but it scores quite well. A lot of games have seen 6... b5 instead.} 7. O-O e5 {And this is new, Volokitin had tried c4 against a weaker opponent a few years ago.} ({RR} 7... c4 8. Bc2 e5 9. b4 Nb6 10. a4 Be6 11. h3 h6 12. Re1 Be7 13. a5 Nbd7 14. d4 cxd3 15. Bxd3 d5 16. exd5 Nxd5 17. Ra2 O-O 18. Rc2 Rac8 19. Bd2 Rfd8 20. Na3 Bf8 21. Nc4 Nf4 22. Bxf4 {Morozevich,A (2625)-Salov,V (2670) Madrid 1996 0-1 (59)}) 8. d4 b5 9. Bc2 cxd4 $146 {This move requires a little bit of an explanation. Black doesn't really want to concede the c3 square for White's , but at the same time, this move is useful because it takes the sting out of a4, which would have been the reply to any other logical move. The position heavily resembles a Ruy Lopez more than a Sicilian, due to the  positioning on c2 and the pawn structure.} (9... Be7 10. a4 b4 11. dxc5 dxc5 12. Nbd2 {[%cal Rd2c4] eeally emphasizes the weakness left on c4 by pushing the pawn.}) ({RR} 9... Be7 10. a4 bxa4 11. Bxa4 O-O 12. d5 Nb6 13. Bc2 c4 14. Na3 Bb7 15. Be3 Nfd7 16. Nd2 Rfc8 17. f3 a5 18. Qf2 Ba6 19. g4 Qd8 20. f4 exf4 21. Qxf4 Ne5 22. Nf3 Nbd7 23. Bd4 f6 24. Ba4 {Zhou,G (2243)-Duong,T (2317) Ho Chi Minh City 2016 ½-½ (63)}) ({RR} 9... Be7 10. a4 b4 11. Bd3 exd4 12. cxd4 cxd4 13. Nxd4 Nc5 14. Bf4 O-O 15. Nd2 Bg4 16. f3 Bd7 17. a5 Nh5 18. Be3 d5 19. f4 Nxd3 20. Qxh5 dxe4 21. f5 Qe5 22. Nc4 Qf6 23. Nb6 Qd6 24. f6 {Varun,V (2173)-Shyam,N (2449) Chennai IND 2025 1-0 (38)}) 10. cxd4 Be7 11. Nc3 (11. a4 b4 {is nowhere near as threatening now.}) 11... O-O 12. Bg5 h6 13. Bh4 Bb7 14. Rad1 Rac8 15. Bb3 Rfe8 16. dxe5 dxe5 17. Bg3 Bf8 18. h3 Nb6 {So far both sides have developed in a very logical fashion. Black should be quite happy with the results of the opening: all his pieces are on good squares and he has a sound pawn structure. His last move prepares the very natural ...c4, which will block out the strong  on b3, and pressure b2.} 19. Nh4 $5 Nc4 20. Nf5 {And this is where things start to get wild. Magnus' h4 was already an indication that this move will follow, as there was no satisfactory way to meekly defend the b2 pawn.} Nxb2 21. Bh4 $5 (21. Rc1 Nc4 22. Bh4 g5 $15 {Gives White some compensation but I'm not sure it is enough. The  on f5 does look powerful, but a pawn is a pawn. It's possible that Black is just better in this position.}) (21. Nxh6+ $5 gxh6 22. Bh4 Bg7 (22... Qc6 23. Bxf6 Qxf6 24. Qxb2 $14) 23. Bxf6 Bxf6 24. Qg4+ Kh8 25. Rd7 Qxc3 26. Bxf7 Red8 $17 {And here White has a scary looking attack, but it does seem like Black will survive by all means.}) 21... Nxd1 {Topalov "goes for it" but he might not have had a choice.} (21... g5 {Seemed like the more prudent way to play, but that is not quite the case.} 22. Rd6 $3 Bxd6 $8 23. Nxh6+ Kf8 24. Bxg5 $13 {And despite being up a rook (!) White's threats look extremely powerful. Specifically, xf6 and g4 or f5 and h5+. A crazy position that should be analyzed in depth.}) 22. Bxf6 Nxc3 (22... gxf6 $2 23. Nxd1 $16 {gives White way too much compensation for his lost material, as h5 is the next move and the attack is huge.}) (22... Re6 $5 {is a very clever move. If White takes on e6, then after fxe6 the g7-pawn will be better defended and it kicks out the  on f5. Again, this position would require lots of analysis, but let's take a look at the most obvious.} 23. Nxh6+ (23. Bxe6 Nxc3 $5 24. Nxh6+ Kh7 25. Qh5 g6 $13) 23... Kh7 24. Qh5 g6 $1 25. Qh4 Bxh6 26. Rxd1 g5 $1 27. Bxg5 Rg6 $13) 23. Qg4 Bxe4 {A very logical move. The bishop hurries back to the defense and attacks the f5-. It also covers the b1-h7 diagonal which can be important in many variations.} (23... Re6 {was very interesting but it's hard to play during a game. Again, this will be analyzed in full.} 24. Nxh6+ (24. Nxg7 $5 Rxf6 25. Ne8+ Kh8 26. Nxf6 Bg7 27. Qf5 Bxf6 28. Qxf6+ Kg8 29. Qg6+ Kf8 30. Qxh6+ Ke8 {Might just not work for White though.}) 24... Kh7 25. Nxf7 $13) 24. Nxh6+ (24. Nxg7 Kh7 25. Nxe8 Rxe8 26. Rd1 $1 {is a very surprising resource. Here Black is powerless against the threat of d7, but he can still defend once the  penetrates.} Bg6 (26... Nxd1 $4 27. Qxe4+ Kg8 28. Qg6+) 27. Rd7 Ne2+ 28. Kf1 Ng3+ 29. fxg3 Qc1+ 30. Ke2 {with an incredibly messy position.}) 24... Kh7 25. Bxf7 {A lot of pieces are swarming around the black king. It is easy to say this during post mortem analysis: I just don't see what White is threatening at the moment. However, during the heat of battle, I can't imagine having a scarier position.} Qxf7 $2 {This is a little bit of a panic mode.} (25... Bd3 {and I'm not sure what White's followup is.} 26. Qh5 Ne2+ 27. Kh1 Nf4 {and it looks like it's checkmate but it's not, so Black wins.}) 26. Nxf7 gxf6 {Black still has a considerable material advantage, but unfortunately for him his K is very exposed. Carlsen must be quick to exploit this, because as soon as Black gets any kind of coordination he will be lost.} 27. f4 $8 Bg6 28. Qh4+ Kg7 29. fxe5 Ne4 30. Rxf6 Bc5+ 31. Kh2 Nxf6 32. Qxf6+ Kh7 33. Ng5+ Kh6 {White has sacrificed even more material, but in compensation Black's  is even more exposed. It is funny how those things work. In any case, it is clear the Magnus now has a perpetual and I'm sure many GMs would be willing to finish such an exhausting game, but that's not the attitude that's made Magnus the #1 player in the world.} 34. Ne6 (34. Nf7+ Kh7 $11) 34... Rxe6 35. Qxe6 Re8 36. Qf6 {To be fair, it doesn't take much to realize that White still holds a perpetual in his hands whenever he wants it. He just has to be careful not to overpress.} Be7 $2 {I'm not sure why Topalov gifted the a6-pawn, but maybe a loss of perspective can explain it. After defending so much and having such wild material differences, it is sometimes hard to remember that one pawn can make a big difference.} (36... a5 {was quite a superior move. Not only does it save the pawn, it keeps the pressure on e5 which is very important.}) 37. Qxa6 $14 b4 38. Qc4 Bf8 39. g4 Kh7 40. e6 Bd6+ {Move 40 has finally been reached, but sadly for Topalov his position isn't so good any more. This is mainly due to the fact that the e6-pawn is very hard to get to, and the two passed pawns on the kingside are very powerful. On top of that, there is no way to create counterplay. This is a very tough defense.} 41. Kg2 Be7 42. Qc7 {Black is almost in Zugzwang in this position, and actually 42...g7 is forced.} Kg8 43. Kg3 Kf8 44. Qf4+ $6 {An innacuracy, a better way to do what Magnus did in the game was by putting the  on e5 immediately.} (44. Qe5 $1 {threatening h8 mate.} Kg8 45. h4 {is much more like it, with strong threats.}) 44... Kg7 45. Qd4+ Kg8 46. h4 Rd8 47. Qc4 Bd3 $6 {And with this move Topalov returns the favor, it was imperative to take this one hope of counterplay and go for it.} (47... Rd3+ $1 48. Kg2 Rd2+ (48... Bxh4 $2 49. e7+ $18) 49. Kf3 Bxh4 {and it seems Black is safe. Easier said with a lot of time to analyze the position though, as it looks quite scary.}) 48. Qc6 Bb1 $2 {But this move just loses. It is way too aggressive, which is unsurprising considering Topalov's usual 'defense' methods, but it was not what the position required.} (48... Kg7 49. g5 Bg6 {still gave good drawing chances since the  can't easily cross to the 4th rank to support the pawn.}) 49. h5 {Winning but not as easily as....} (49. Qb7 $1 {And now Black has serious problems with the positioning of his pieces.} Kf8 $2 (49... Re8 50. Qd7 Kf8 51. Qd1 {and again  somewhere in the f-file next move.}) (49... Bd6+ 50. Kh3 $18 {threatens both f7 and e7 and just e7 directly.}) 50. Qf3+ Kg8 51. Qf7+) 49... Bxa2 50. Qe4 {Black is simply dominated in this position, and his  is rapidly being entangled in a mating net.} Kh8 51. h6 Bf6 52. e7 Re8 53. Qf4 Bg7 54. hxg7+ Kxg7 55. g5 Kg8 56. Qf6 {Definitely not Topalov's most shining moment. It is possible that he was simply winning and that Carlsen's sacrifices were not much more than a bluff, but the bluff paid off. Even then, the endgame was quite holdable, but Topalov's over-aggression prevented him from cooly maintaining a passive defense, and that cost him the game. Wild and exciting chess!} 1-0

[Event "London Classic 7th"]
[Site "London"]
[Date "2015.12.04"]
[Round "1"]
[White "Vachier Lagrave, Maxime"]
[Black "Carlsen, Magnus"]
[Result "1/2-1/2"]
[ECO "B33"]
[WhiteElo "2765"]
[BlackElo "2850"]
[Annotator "ChessBase"]
[PlyCount "56"]
[EventDate "2015.12.04"]
[EventType "tourn"]
[EventRounds "9"]
[EventCountry "ENG"]
[EventCategory "22"]
[SourceTitle "CBM 170"]
[Source "ChessBase"]
[SourceDate "2016.01.15"]
[SourceVersion "1"]
[SourceVersionDate "2016.01.15"]
[SourceQuality "1"]
[TimeControl "7200+1605"]
[WhiteClock "1:03:14"]
[BlackClock "0:59:43"]

1. e4 c5 2. Nf3 Nc6 3. d4 cxd4 4. Nxd4 Nf6 5. Nc3 e5 6. Ndb5 d6 7. Bg5 a6 8. Na3 b5 9. Nd5 Be7 10. Bxf6 Bxf6 11. c3 O-O (11... Ne7 12. Nc2 Nxd5 13. Qxd5 Rb8 14. Nb4 Bb7 15. Qd3 O-O 16. Be2 a5 17. Nd5 b4 18. O-O bxc3 19. bxc3 Bg5 20. Rab1 Qd7 21. Rb3 Bc6 22. Rfb1 Rxb3 23. Rxb3 g6 24. Rb6 Rc8 25. h3 Bxd5 26. Qxd5 Rxc3 27. Rxd6 Qe7 28. Bd1 Rc7 29. g3 Kg7 30. Ba4 Bc1 31. Rc6 {1/2-1/2 (31) Giri,A (2793)-Carlsen,M (2853) Saint Louis USA 2015}) (11... Bg5 12. Nc2 O-O 13. a4) 12. Nc2 Rb8 13. a4 $6 {wurde hinterher von Carlsen als ungenau kritisiert - Vachier-Lagrave verwechselte vermutlich die Varianten} (13. Be2) ({oder das aggressivere} 13. h4 {versprechen Weiß mehr Aussichten}) 13... bxa4 14. Ncb4 Nxb4 15. cxb4 Bb7 16. Rxa4 Qc8 (16... Bxd5 {wäre vielleicht eine Möglichkeit gewesen, die Spannung noch weiter aufrecht zu halten} 17. Qxd5 Qd7 18. b3 Rfc8 19. Ra1 (19. Bc4 $2 Rxc4 20. Qxc4 Rc8 $19) 19... Qg4 $1 (19... Rxb4 20. Bxa6 {und hier kann Weiß nicht schlechter stehen}) 20. h3 Qg5 {und Weiß hat Probleme, den König aus dem Zentrum zu bekommen}) 17. Nxf6+ gxf6 18. Bd3 Bc6 19. Rxa6 Rxb4 20. O-O Rd4 21. Qf3 $146 ({RR} 21. Ra3 Bxe4 22. Re1 Bg6 23. Qe2 d5 24. Ba6 Qe6 25. g3 Rb8 26. h4 h5 27. Rc1 Kg7 28. Rac3 Re4 29. Qf1 Rxb2 30. Rc6 Qg4 31. Bd3 Re3 32. Bxg6 Rxg3+ {0-1 (33) Al Tarbosh,W (2235)-Caruana,F (2776) chess.com INT 2025}) 21... Bxe4 {führt forciert ins Dauerschach, doch Schwarz hat keine vorteilsversprechenden Fortsetzungen zur Verfügung} 22. Bxe4 Qxa6 23. Qg4+ Kh8 24. Qf5 Rxe4 25. Qxf6+ Kg8 26. Qg5+ Kh8 27. Qf6+ Kg8 28. Qg5+ Kh8 1/2-1/2